 Dungeon Crawl Stone Soup version 0.28-a0-983-g1de4e0787c (webtiles) character file.

Game seed: 17305671971554978534

129404 Ijustatesigmund the Severer (level 17, -3/231 HPs)
             Began as a Hill Orc Fighter on Dec 3, 2021.
             Was an Elder of Cheibriados.
             Killed from afar by a storm dragon (14 damage)
             ... with a bolt of lightning
             ... on level 14 of the Dungeon.
             The game lasted 00:35:09 (13917 turns).

Ijustatesigmund the Severer (Hill Orc Fighter)     Turns: 13917, Time: 00:35:10

Health: -3/231     AC: 28    Str: 30    XL:     17   Next: 5%
Magic:  26/26      EV:  2    Int: 21    God:    Cheibriados [****..]
Gold:   2788       SH:  9    Dex: 21    Spells: 14/16 levels left

rFire   . . .      SeeInvis .   a - +4 war axe
rCold   . . .      Faith    .   c - +0 buckler
rNeg    . . .      Spirit   .   (armour currently unavailable)
rPois   +          Reflect  .   (helmet currently unavailable)
rElec   .          Harm     .   (cloak currently unavailable)
rCorr   .          Rampage  .   (gloves currently unavailable)
Will    ++...      NoTele   +   (boots currently unavailable)
Stlth   ++........              l - amulet of regeneration
HPRegen 1.28/turn               B - ring of willpower
MPRegen 0.20/turn               (no ring)

@: tree-form, very slow
A: stationary, stasis, torment immunity, boosted hp
a: Renounce Religion, Bend Time, Temporal Distortion, Slouch


You were on level 14 of the Dungeon.
You worshipped Cheibriados.
Cheibriados was greatly pleased with you.
You were a tree.
You visited 2 branches of the dungeon, and saw 16 of its levels.
You also visited: Bailey.

You collected 3613 gold pieces.
You spent 825 gold pieces at shops.

Inventory:

Hand Weapons
 a - a +4 war axe (weapon)
 q - a +2 flail of protection
 s - a +3 war axe of distortion
 z - the +6 mace of Uleuwuc {vorpal, Dex+6}
   (You found it on level 8 of the Dungeon)

   It inflicts extra damage upon your enemies.
   Dex:       It affects your dexterity (+6).
Missiles
 H - a throwing net (quivered)
Armour
 c - a +0 buckler (worn)
 i - a +1 pair of gloves (melded)
 p - a +0 pair of boots (melded)
 r - a +0 cloak (melded)
 t - a +2 helmet (melded)
 E - a +3 chain mail of willpower (melded)
Jewellery
 l - an amulet of regeneration (around neck)
 B - a ring of willpower (left branch)
Wands
 d - a wand of digging (3)
 o - a wand of flame (19)
Scrolls
 e - 4 scrolls of immolation
 j - 2 scrolls of silence
 D - 3 scrolls of identify
 F - a scroll of summoning
Potions
 b - 2 potions of cancellation
 g - 3 potions of flight
 k - 3 potions of curing
 m - 4 potions of mutation
 u - 2 potions of attraction
 w - 4 potions of brilliance
 A - 3 potions of magic
Miscellaneous
 G - a phantom mirror (inert)


   Skills:
 + Level 14.3 Fighting
 + Level 17.1 Axes
 + Level 11.0 Armour
 - Level 6.4 Dodging
 - Level 14.4 Shields
 - Level 5.9 Transmutations
 + Level 13.2 Invocations
 - Level 4.2 Evocations


You had 14 spell levels left.
You knew the following spells:

 Your Spells              Type           Power      Damage    Failure   Level
a - Wereblood             Tmut           25%        N/A       2%          2

Your spell library contained the following spells:

 Spells                   Type           Power      Damage    Failure   Level
 Beastly Appendage        Tmut           50%        N/A       1%          1
 Spider Form              Tmut/Pois      12%        N/A       16%         3
 Animate Skeleton         Necr           0%         N/A       19%         1
 Magic Dart               Conj           0%         1d3       19%         1
 Pain                     Necr           0%         1d4       19%         1
 Corpse Rot               Necr/Air       0%         N/A       26%         2
 Poisonous Vapours        Pois/Air       0%         N/A       26%         2
 Searing Ray              Conj           0%         2d4       26%         2
 Static Discharge         Conj/Air       0%         N/A       26%         2
 Vampiric Draining        Necr           0%         2d6       47%         3
 Petrify                  Tmut/Erth      12%        N/A       47%         4
 Dispel Undead            Necr           0%         3d6       87%         4
 Fulminant Prism          Conj/Hex       0%         3d6       87%         4
 Sticky Flame             Conj/Fire      0%         2d3       87%         4
 Agony                    Necr           0%         N/A       99%         5
 Excruciating Wounds      Necr           0%         N/A       99%         5
 Fireball                 Conj/Fire      0%         3d3       99%         5
 Iskenderun's Battlesphe  Conj           0%         2d6       99%         5
 Metabolic Englaciation   Hex/Ice        0%         N/A       99%         5
 Conjure Ball Lightning   Conj/Air       0%         3x3d6     100%        6
 Statue Form              Tmut/Erth      8%         N/A       100%        6
 Orb of Destruction       Conj           0%         N/A       100%        7


Dungeon Overview and Level Annotations

Branches:
Dungeon (15/15)            Temple (1/1) D:4            Lair (0/6) D:11
    Orc (0/2) D:12         Vaults (0/5) D:13         Bailey (visited)
 Depths: D:15

Altars:
Ashenzari
Cheibriados
Dithmenos
Elyvilon
Fedhas
Gozag
Hepliaklqana
Kikubaaqudgha
Makhleb
Nemelex Xobeh
Okawaru
Qazlal
Ru
Sif Muna
Trog
Uskayaw
Vehumet
Wu Jian
Xom
Yredelemnul
Zin
The Shining One

Shops:
D:4 ?   D:9 (([*(

Portals:
Trove: D:12 (give +6 demon whip)

Annotations:
D:4 2 transporters, anet's ghost, amateur GnDe


Message History

Okay, then.
Okay, then.
Okay, then.
Okay, then.
Casting: Wereblood (safe; 9% risk of failure)
Confirm with . or Enter, or press ? or * to list all spells.
Okay, then.
Really quaff the potion of lignification?
You turn into a tree.
Your +0 cloak melds into your body.
Your +2 helmet melds into your body.
Your +1 pair of gloves melds into your body.
Your +0 pair of boots melds into your body.
Your +3 chain mail of willpower melds into your body.
You feel less strong-willed.
Your roots penetrate the ground.
The storm dragon bites you!
* * * LOW HITPOINT WARNING * * *
You block the storm dragon's attack.
The storm dragon tramples you but does no damage.
You feel better. You block the storm dragon's attack.
The storm dragon claws you but does no damage.
You block the storm dragon's attack.
You feel better.
The storm dragon bites you but does no damage.
The storm dragon claws you but does no damage.
The storm dragon tramples you but does no damage.
The storm dragon bites you but does no damage.
The storm dragon claws you but does no damage.
The storm dragon tramples you but does no damage.
You feel better.
The storm dragon bites you but does no damage.
The storm dragon claws you but does no damage.
You block the storm dragon's attack.
Okay, then.
You hit the storm dragon.
The storm dragon is lightly wounded.
The storm dragon breathes lightning at you.
The bolt of lightning hits you!!!
* * * LOW HITPOINT WARNING * * *
The bolt of lightning hits you!
You die...

...#..# ##### ###
## #......
...#♣♣.♣♣ ..
#.....##
♣♣♣.#♣...♣#.♣
#...#..#
♣...........♣
#...#..#
#♣♣♣♣.#♣...♣#.♣
#.#?#..#
#..†).#♣♣.♣♣
#.#../..
#♣♣)♣♣###.###
#(#....# #.# ♣)♣
#..♣D.# #......#
#.# ♣.♣ #.♣♣(.#
#.......
#.#♣♣.♣♣#.....#
#......#
#.#♣...♣#.##C##
#....<#.
#.#♣...♣#.#..#
#...#B##
#.#♣...♣#.#..#
#....H..
######..♣..)♣#)#(##
.....#.>#
...........).#.#c#
#...#.####
#####...♣...♣###D#
#....#.#


You could see a storm dragon (catching breath) and a cyclops.

Vanquished Creatures
  Gastronok (D:11)
  A frost giant (D:14)
  Azrael (D:12)
  Fannar (D:12)
  6 boulder beetles
  An ogre mage (D:14)
  A hydra (D:9)
  Harold (D:11)
  3 vault guards (D:13)
  A tengu warrior (D:14)
  2 centaur warriors (D:14)
  4 two-headed ogres
  Urug (D:11)
  4 skeletal warriors (D:12)
  A wizard (D:14)
  An orc knight (Bailey)
  An ugly thing (D:14)
  A cyclops (D:14)
  An elephant (shapeshifter) (D:14)
  A gargoyle (D:12)
  Maggie (D:7)
  2 kobold demonologists (D:9)
  A yaktaur (shapeshifter) (D:15)
  3 komodo dragons (D:11)
  2 unseen horrors (D:12)
  A meliai (D:14)
  4 trolls
  Prince Ribbit (D:7)
  Grinder (D:4)
  A vampire (D:8)
  A shadow (D:12)
  A wraith (D:12)
  22 yaks
  4 wyverns
  A basilisk (D:14)
  4 fire elementals (D:12)
  Eustachio (D:4)
  A steam dragon (D:4)
  4 vampire mosquitoes (D:10)
  Edmund (D:4)
  2 hell hounds (D:12)
  A water moccasin (D:8)
  An acid dragon (D:10)
  Duvessa (D:5)
  6 orc warriors
  A swamp drake (D:11)
  2 ice beasts
  A black bear (D:7)
  14 centaurs
  3 ogres
  A boggart (D:14)
  3 phantoms
  2 kobold brigands
  A gnoll sergeant (D:8)
  4 bullfrogs
  A wyvern zombie (D:8)
  A scorpion (D:4)
  A water moccasin skeleton (D:6)
  Dowan (D:6)
  14 killer bees
  7 wights
  4 howler monkeys
  3 jellies
  2 hounds
  An orc priest (D:5)
  A centaur skeleton (D:6)
  2 gnoll shamans (D:6)
  4 iguanas
  A bullfrog skeleton (D:6)
  Crazy Yiuf (D:2)
  14 orc wizards
  2 hound skeletons
  Robin (D:2)
  27 gnolls
  9 adders
  An ufetubus (D:4)
  An adder skeleton (D:4)
  3 worms
  3 dart slugs
  53 orcs
  2 endoplasms
  2 giant cockroaches
  17 goblins
  12 hobgoblins
  3 quokkas
  10 ball pythons
  2 bats
  2 frilled lizards (D:3)
  31 kobolds
  A quokka skeleton (D:4)
  7 rats
381 creatures vanquished.

Vanquished Creatures (others)
  3 plants (D:11)
3 creatures vanquished.

Grand Total: 384 creatures vanquished

Notes
Turn   | Place    | Note
-------+----------+-------------------------------------------
     0 | D:1      | Ijustatesigmund the Hill Orc Fighter began the quest for
                  | the Orb.
     0 | D:1      | Reached XP level 1. HP: 19/19 MP: 1/1
   133 | D:1      | Reached skill level 3 in Axes
   135 | D:1      | Identified a scroll of acquirement
   135 | D:1      | Acquired 1002 gold pieces
   212 | D:1      | Found a faded altar of an unknown god.
   329 | D:1      | Reached XP level 2. HP: 26/26 MP: 2/2
   356 | D:1      | Reached skill level 4 in Axes
  1120 | D:2      | Found a runed translucent door.
  1121 | D:2      | Noticed Crazy Yiuf
  1175 | D:2      | Reached XP level 3. HP: 27/31 MP: 3/3
  1542 | D:2      | Reached skill level 5 in Axes
  1600 | D:2      | Noticed Robin
  1617 | D:2      | Killed Robin
  1627 | D:2      | Reached XP level 4. HP: 39/39 MP: 4/4
  2318 | D:3      | Reached skill level 6 in Axes
  2358 | D:3      | Reached XP level 5. HP: 46/46 MP: 5/5
  2609 | D:4      | Noticed a steam dragon
  2614 | D:5      | Entered Level 5 of the Dungeon
  2661 | D:4      | Killed a steam dragon
  2662 | D:4      | Reached skill level 5 in Fighting
  2662 | D:4      | Reached skill level 7 in Axes
  2662 | D:4      | Reached XP level 6. HP: 43/56 MP: 6/6
  2711 | D:4      | Found Qufooczo's Magic Scroll Emporium.
  2720 | D:4      | Bought 3 scrolls of identify for 84 gold pieces
  2720 | D:4      | Bought a scroll of identify for 28 gold pieces
  2720 | D:4      | Bought a scroll of identify for 28 gold pieces
  2756 | D:4      | Found a staircase to the Ecumenical Temple.
  2921 | D:4      | Noticed Grinder
  2930 | D:4      | Killed Grinder
  2931 | D:4      | Reached skill level 8 in Axes
  2931 | D:4      | Reached XP level 7. HP: 54/64 MP: 7/7
  3087 | D:4      | Acquired a manual of Shields
  3157 | D:4      | Noticed Eustachio
  3177 | D:4      | Killed Eustachio
  3240 | D:4      | Found a transporter.
  3243 | D:4      | Noticed anet's ghost (amateur GnDe)
  3262 | D:4      | Found a transporter.
  3448 | D:4      | Reached XP level 8. HP: 71/73 MP: 8/8
  3458 | D:4      | Reached skill level 9 in Axes
  3524 | D:4      | Reached skill level 5 in Shields
  3696 | D:4      | Found a broken altar of Ashenzari.
  3696 | D:4      | Noticed Edmund
  3715 | D:4      | Killed Edmund
  4154 | D:2      | Killed Crazy Yiuf
  4410 | D:5      | Found a hazy altar of Hepliaklqana.
  4959 | D:5      | Found a sacrificial altar of Ru.
  5295 | D:6      | Found a burning altar of Makhleb.
  5295 | D:6      | Found an ornate altar of the Wu Jian Council.
  5308 | D:6      | Noticed Duvessa
  5308 | D:6      | Noticed Dowan
  5315 | D:6      | Killed Dowan
  5318 | D:6      | Reached skill level 10 in Axes
  5350 | D:5      | Killed Duvessa
  5562 | D:6      | Reached XP level 9. HP: 82/82 MP: 9/9
  5786 | D:6      | Noticed a boulder beetle
  5812 | D:6      | Killed a boulder beetle
  5813 | D:6      | Reached skill level 11 in Axes
  5880 | D:6      | Reached skill level 10 in Shields
  6133 | D:6      | Reached skill level 10 in Fighting
  6350 | Temple   | Entered the Ecumenical Temple
  6719 | Temple   | Became a worshipper of Cheibriados the Contemplative
  6870 | D:7      | Reached skill level 1 in Evocations
  6888 | D:7      | Noticed Prince Ribbit
  6893 | D:7      | Reached XP level 10. HP: 82/93 MP: 11/11
  6922 | D:7      | Killed Prince Ribbit
  6981 | D:7      | Found a glowing golden altar of the Shining One.
  7006 | D:7      | Reached * piety under Cheibriados
  7048 | D:7      | Noticed Maggie
  7056 | D:7      | Killed Maggie
  7057 | D:7      | Reached skill level 5 in Invocations
  7123 | D:7      | Acquired 1036 gold pieces
  7127 | D:7      | Acquired 645 gold pieces
  7404 | D:7      | Found an ancient bone altar of Kikubaaqudgha.
  7479 | D:8      | Reached skill level 1 in Dodging
  7720 | D:8      | Reached ** piety under Cheibriados
  8067 | D:8      | Found the +7 pair of quick blades "Gyre" and "Gimble"
                  | {protect}
  8352 | D:8      | Identified the +6 mace of Uleuwuc {vorpal, Dex+6}
  8394 | D:9      | Noticed a five-headed hydra
  8480 | D:9      | Reached skill level 5 in Armour
  8607 | D:9      | Noticed a two-headed ogre
  8616 | D:9      | Killed a two-headed ogre
  8617 | D:9      | Reached XP level 11. HP: 79/99 MP: 16/16
  8686 | D:9      | Found Tesith's Antique Weapon Shop.
  8692 | D:9      | Bought a glowing war axe for 182 gold pieces
  8742 | D:9      | Found Miest's Armour Shop.
  8754 | D:9      | Found Setorch's Assorted Antiques.
  8761 | D:9      | Bought a shiny gilded ring for 175 gold pieces
  8761 | D:9      | Bought a murky brown potion for 31 gold pieces
  8761 | D:9      | Bought a scroll labelled MOFAFI COESI for 35 gold pieces
  8761 | D:9      | Bought a runed chain mail for 262 gold pieces
  8800 | D:9      | Found a blossoming altar of Fedhas.
  8830 | D:9      | Found Zoude's Antique Weapon Emporium.
  8838 | D:9      | Found a flagged portal.
  8847 | Bailey   | Entered a bailey
  8851 | Bailey   | Reached *** piety under Cheibriados
  8981 | Bailey   | Noticed an orc knight
  8993 | Bailey   | Killed an orc knight
  9004 | Bailey   | Reached **** piety under Cheibriados
  9155 | Bailey   | Reached XP level 12. HP: 106/106 MP: 17/20
  9156 | Bailey   | Reached XP level 13. HP: 118/118 MP: 17/21
  9157 | Bailey   | Reached skill level 15 in Axes
  9157 | Bailey   | Reached XP level 14. HP: 126/126 MP: 17/22
  9158 | Bailey   | Reached XP level 15. HP: 134/134 MP: 17/24
  9292 | Bailey   | Reached skill level 16 in Axes
  9292 | Bailey   | Reached skill level 10 in Armour
  9292 | Bailey   | Reached XP level 16. HP: 145/145 MP: 25/25
  9506 | D:9      | Found Itokox's Weapon Shoppe.
  9715 | D:9      | Found an opulent altar of Gozag.
  9902 | D:10     | Entered Level 10 of the Dungeon
 10274 | D:10     | Learned a level 2 spell: Wereblood
 10286 | D:10     | Found a shimmering blue altar of Sif Muna.
 10478 | D:11     | Reached skill level 1 in Transmutations
 10493 | D:11     | Reached ***** piety under Cheibriados
 10802 | D:11     | Noticed Harold
 10817 | D:11     | Killed Harold
 10887 | D:11     | Noticed Gastronok
 10904 | D:11     | Killed Gastronok
 11079 | D:11     | Identified the +1 leather armour "Higuredd" {+Blink rF+
                  | SInv Stlth-}
 11493 | D:11     | Noticed Urug
 11499 | D:11     | Killed Urug
 11572 | D:11     | Found a staircase to the Lair.
 11854 | D:12     | Noticed Azrael
 11863 | D:12     | Killed Azrael
 11999 | D:12     | Reached skill level 5 in Transmutations
 12508 | D:12     | Noticed Fannar
 12530 | D:12     | Killed Fannar
 12605 | D:12     | Found a portal to a secret trove of treasure.
 12634 | D:12     | Found a staircase to the Orcish Mines.
 12808 | D:13     | Found a gate to the Vaults.
 12865 | D:15     | Entered Level 15 of the Dungeon
 13687 | D:14     | Reached skill level 17 in Axes
 13719 | D:14     | Reached XP level 17. HP: 49/152 MP: 26/26
 13917 | D:14     | HP: 11/231 [storm dragon/bolt of lightning (36)]
 13917 | D:14     | Killed from afar by a storm dragon

Illustrated notes

Levels and vault maps discovered:
D:1:      amcnicky_arrival_gap_in_the_tavern_cellar, layout_basic,
          ebering_ecumenical_altar_hall
D:2:      layout_basic, kennysheep_generic_room_3, uniq_robin,
          uniq_crazy_yiuf_cottage
D:3:      layout_basic, nrook_mini_vaults
D:4:      layout_loops_corners, cheibrodos_ashenzari_chains, temple_statues,
          serial_shops, shop, gammafunk_ghost_stat_death, minmay_joined_circles,
          uniq_eustachio, uniq_edmund, uniq_grinder
D:5:      layout_loops_ring, nicolae_ru_the_path_less_chosen,
          worldfamousw_hep_ancestral_shrine
D:6:      wad_crossroads, layout_loops_ring, grunt_temple_overflow_open,
          uniq_duvessa
D:7:      layout_basic, kennysheep_mini, nicolae_overflow_crystal_walls,
          uniq_prince_ribbit1, uniq_maggie
D:8:      layout_basic, nzn_life_drinkers
D:9:      layout_roguey, fedhas_altar_1, nicolae_gozag_seed_capital,
          serial_shops, shop, nicolae_shop_bloodbath_and_beyond, shop,
          nicolae_stop_n_shop_1, nicolae_shop_stone, enter_bailey_3
D:10:     layout_gridville, led_sif_book
D:11:     layout_basic, erik_lair_dragon, serial_bayou_crossing, uniq_gastronok,
          uniq_urug, uniq_harold
D:12:     layout_roguey, hiddenorc1_lemuel, enter_trove_0, uniq_fannar,
          uniq_azrael
D:13:     layout_roguey, erik_vaults_2
D:14:     nzn_winding_woodlands_medium [nzn_winding_woodlands_5x5_three,
          nzn_winding_woodlands_5x15_default, nzn_winding_woodlands_5x5_cross,
          nzn_winding_woodlands_5x5_open_star,
          nzn_winding_woodlands_center_lodge, nzn_winding_woodlands_hourglass,
          nzn_winding_woodlands_5x5_perimeter, nzn_winding_woodlands_5x15_twine,
          nzn_winding_woodlands_5x5_closed_star], layout_basic, serial_shops,
          nicolae_shop_advertising_works [nicolae_subvault_shop_adworks],
          grunt_decor_one_mirror, einodemon_barbed_minivault
D:15:     gammafunk_depths_entry_grave, layout_rooms,
          nemelex_lonely_heart_becter
Temple:   minmay_temple_forest_path

Skill      XL: |  1  2  3  4  5  6  7  8  9 10 11 12 13 14 15 16 17 |
---------------+----------------------------------------------------+-----
Axes           | 3 4 5 6 7 8 10 11 15 16 17 | 17.1
Fighting       | 4 5 6 7 8 10 12 13 14 | 14.3
Shields        | 4 8 10 13 14 | 14.4
Invocations    | 2 7 11 12 13 | 13.2
Evocations     | 1 4 |  4.2
Dodging        | 3 6 |  6.4
Armour         | 5 8 10 11 | 11.0
Transmutations | 5 |  5.9

Action                   |  1- 3 |  4- 6 |  7- 9 | 10-12 | 13-15 | 16-18 || total
-------------------------+-------+-------+-------+-------+-------+-------++-------
Melee: War axe           |    99 |    79 |   305 |   278 |       |   502 ||  1263
       Mace              |       |       |       |       |       |     7 ||     7
Throw: Throwing net      |       |       |       |       |       |     4 ||     4
Invok: Bend Time         |       |       |       |       |       |     5 ||     5
       Slouch            |       |       |       |       |       |     5 ||     5
Evoke: Wand              |       |       |     2 |    15 |       |    26 ||    43
       Phantom mirror    |       |       |       |       |       |     1 ||     1
  Use: Scroll            |     5 |     9 |     4 |     7 |       |     7 ||    32
       Potion            |       |     2 |     2 |     3 |     3 |    14 ||    24
 Stab: Paralysed         |       |       |    11 |     6 |       |       ||    17
       Held in net/web   |       |       |       |       |       |     1 ||     1
Armor: Scale mail        |    29 |     2 |       |       |       |       ||    31
       Chain mail        |       |    33 |   148 |   147 |       |   192 ||   520
       Skin              |       |     8 |     6 |       |       |    20 ||    34
Dodge: Dodged            |    53 |    23 |    87 |   129 |       |   191 ||   483
Block: Buckler           |    19 |    21 |    77 |   125 |       |   201 ||   443

Table legend: (Time is in decaauts)
 A = Elapsed time spent in this place.
 B = Non-inter-level travel time spent in this place.
 C = Inter-level travel time spent in this place.
 D = Time resting spent in this place.
 E = Time spent auto-exploring this place.
 F = Levels seen in this place.
 G = Mean time per level.
                   A        B        C        D        E       F      G
               +--------+--------+--------+--------+--------+-----+--------+
         Total |  16522 |  15791 |    731 |   2197 |  10504 |  17 |  971.9 |
       Dungeon |  15470 |  14827 |    643 |   1932 |   9977 |  15 | 1031.3 |
        Temple |    429 |    342 |     87 |      0 |    330 |   1 |  429.0 |
        Bailey |    622 |    622 |      0 |    265 |    196 |   1 |  622.0 |
               +--------+--------+--------+--------+--------+-----+--------+

Top non-repeatable levels by time:
    D:11: 2073 daAuts
     D:4: 1512 daAuts
     D:8: 1393 daAuts
     D:5: 1306 daAuts
     D:9: 1303 daAuts
    D:12: 1276 daAuts
     D:2: 1096 daAuts
     D:1: 1008 daAuts
    D:10: 894 daAuts
    D:14: 887 daAuts
     D:6: 823 daAuts
     D:7: 775 daAuts
     D:3: 691 daAuts
  Bailey: 622 daAuts
  Temple: 429 daAuts
